 Dungeon Crawl Stone Soup version 0.18.1-2-ga659475 (webtiles) character file.

44 oplop the Sneak (level 3, 0/19 HPs)
             Began as a Vine Stalker Assassin on May 8, 2016.
             Slain by an adder (2 damage)
             ... on level 2 of the Dungeon.
             The game lasted 00:02:21 (468 turns).

oplop the Sneak (Vine Stalker Assassin)              Turns: 468, Time: 00:02:22

Health: 0/19       AC:  6    Str: 13    XL:     3   Next: 62%
Magic:  0/4        EV: 11    Int: 11    God:
Gold:   52         SH:  0    Dex: 16    Spells: 0 memorised, 2 levels left

rFire  . . .     SeeInvis .     a - +2 dagger
rCold  . . .     Gourm    .     c - +0 robe
rNeg   . . .     Faith    .     (no shield)
rPois  .         Spirit   +     (no helmet)
rElec  .         Dismiss  .     d - +0 cloak
rCorr  .         Reflect  .     (no gloves)
SustAt .         Harm     .     n - +2 pair of boots
MR     .....                    (no amulet)
Stlth  +++.......               (no ring)
                                (no ring)

@: lethally poisoned (0 -> -2), not resistant to hostile enchantments, fairly
stealthy
A: fangs 2, regeneration 1, magic shield, antimagic bite, no device heal 3, rot
immunity
a: no special abilities


You were on level 2 of the Dungeon.
You were not hungry.

You visited 1 branch of the dungeon, and saw 2 of its levels.

You collected 52 gold pieces.

Inventory:

Hand Weapons
 a - a +2 dagger (weapon)
 b - a +0 blowgun
Missiles
 e - 8 poisoned needles
 f - 7 curare-tipped needles
Armour
 c - a +0 robe (worn)
 d - a +0 cloak (worn)
 n - a +2 pair of boots (worn)
Jewellery
 i - a cursed -2 ring of intelligence {unknown}
Scrolls
 j - a scroll of teleportation
 k - a scroll of remove curse
 o - 2 scrolls of identify {unknown}
Potions
 l - a potion of mutation {unknown}
 m - a potion of agility {unknown}
 p - 2 potions of curing {unknown}
 q - a potion of might {unknown}
Comestibles
 g - a bread ration
 h - 2 beef jerkies


   Skills:
 + Level 2.3 Fighting
 + Level 2.2 Short Blades
 + Level 2.2 Throwing
 - Level 0.8 Dodging
 + Level 5.2 Stealth


You had 2 spell levels left.
You didn't know any spells.

Dungeon Overview and Level Annotations

Branches:
Dungeon (2/15)

Altars:
Ashenzari

Annotations:
D:2 Ijyb


Innate Abilities, Weirdness & Mutations

You have extremely sharp teeth.
Your natural rate of healing is unusually fast.
When hurt, damage is shared between your health and your magic reserves.
Your bite disrupts and absorbs the magic of your enemies.
Potions and wands cannot restore your health.
You are immune to rotting.


Message History

The rat is moderately wounded.
The rat bites you but does no damage.
You closely miss the rat. You bite the rat. You drain its power.
You feel invigorated.
You kill the rat!
The adder barely misses you.
You hit the adder. Your bite misses the adder.
The adder is heavily wounded.
The adder bites you.
You are poisoned.
The adder poisons you!
Ijyb zaps a wand.
You are blasted!
* * * LOW HITPOINT WARNING * * *
You barely miss the adder.
The adder is heavily wounded.
You feel sick. The adder bites you.
* * * LOW HITPOINT WARNING * * *
The adder bites you but does no damage.
You barely miss Ijyb. You bite Ijyb, but do no damage. Ijyb barely misses you.
The adder bites you.
You die...

####..........<##
####....#......##..###
##.....############.†.#####.
........## ###.#......
.........#### ###.._..#### #
...................#†#.# .#
.........########.##.#####>.#
.........######..S#........####
..............(.@g..##........#
.........##...####............#
........###.# #.###........#
##.....## #.# #.....S..#
######..# ..# #......... #...
.##. .......... .## . .
.....##... ### # . ##.#..<# ..#
..


You could see Ijyb and an adder.

Vanquished Creatures
  2 adders (D:2)
  A worm (D:2)
  4 bats
  4 goblins
  3 hobgoblins
  A ball python (D:2)
  5 kobolds
  4 rats
24 creatures vanquished.

Vanquished Creatures (others)
  A quokka (D:2)
1 creature vanquished.

Grand Total: 25 creatures vanquished

Notes
Turn   | Place    | Note
--------------------------------------------------------------
     0 | D:1      | oplop the Vine Stalker Assassin began the quest for the Orb.
     0 | D:1      | Reached XP level 1. HP: 11/11 MP: 2/2
   170 | D:1      | Reached XP level 2. HP: 14/15 MP: 1/3
   353 | D:1      | You fall through a shaft!
   355 | D:2      | Reached skill level 5 in Stealth
   362 | D:2      | Noticed Ijyb
   374 | D:2      | Found a shattered altar of Ashenzari.
   384 | D:2      | Reached XP level 3. HP: 13/18 MP: 2/4
   432 | D:2      | Found a shattered altar of Ashenzari.
   468 | D:2      | Slain by an adder

Skill      XL: |  1  2 |
---------------+-------+-----
Short Blades   | 2 |  2.2
Throwing       | 2 |  2.2
Fighting       | 2 |  2.3
Stealth        | 5 |  5.2
Dodging        | |  0.8

Action                   || total
-------------------------++-------
Melee: Dagger            ||    77
       Bite              ||    16
  Use: Scroll            ||     2
 Stab: Sleeping          ||     8
Armor: Robe              ||    20
Dodge: Dodged            ||    33
